 Dungeon Crawl Stone Soup version 0.27.1-33-g824d729ab1 (webtiles) character file.

Game seed: 3399902048220365717

11309 belegose the Covert (level 11, -2/84 HPs)
             Began as a Ghoul Brigand on Dec 25, 2021.
             Was a Believer of Makhleb.
             Slain by a troll (8 damage)
             ... on level 1 of the Orcish Mines.
             The game lasted 00:41:28 (19901 turns).

belegose the Covert (Ghoul Brigand)                Turns: 19901, Time: 00:41:29

Health: -2/84      AC:  7    Str: 16    XL:     11   Next: 75%
Magic:  0/16       EV: 12    Int: 12    God:    Makhleb [**....]
Gold:   604        SH:  0    Dex: 13    Spells: 10/10 levels left

rFire    + . .     SeeInvis .   b - +2 short sword (venom)
rCold    + . .     Faith    .   (no shield)
rNeg     + + +     Spirit   +   l - +2 robe {Will+}
rPois    ∞         Reflect  .   A - +1 hat
rElec    .         Harm     .   c - +0 cloak
rCorr    .         Rampage  .   x - +0 pair of gloves
Will     +....                  (no boots)
Stlth    +++++.....             y - amulet of guardian spirit
HPRegen  0.00/turn              B - +6 ring of intelligence
MPRegen  0.15/turn              D - ring of protection from fire

@: inhibited regen
A: claws 1, cold resistance 1, negative energy resistance 3, inhibited
regeneration, torment resistance 2
a: Renounce Religion, Minor Destruction


You were on level 1 of the Orcish Mines.
You worshipped Makhleb.
Makhleb was pleased with you.
You visited 4 branches of the dungeon, and saw 15 of its levels.
You also visited: Sewer.

You collected 604 gold pieces.

Inventory:

Hand Weapons
 a - a +2 short sword of electrocution
 b - a +2 short sword of venom (weapon)
 h - a +0 scimitar
Missiles
 d - 42 poisoned darts (quivered)
 e - 3 curare-tipped darts
 f - 254 stones
 I - a throwing net
Armour
 c - a +0 cloak (worn)
 l - a +2 robe of willpower (worn)
 x - a +0 pair of gloves (worn)
 A - a +1 hat (worn)
Jewellery
 k - a ring of ice
 y - an amulet of guardian spirit (around neck)
 B - a +6 ring of intelligence (left hand)
 D - a ring of protection from fire (right hand)
Wands
 n - a wand of acid (19)
 w - a wand of paralysis (6)
 K - a wand of iceblast (7)
Scrolls
 j - 2 scrolls of noise {unknown}
 o - 2 scrolls of fog {unknown}
 q - 2 scrolls of fear {unknown}
 r - 2 scrolls of enchant armour {unknown}
 t - a scroll of immolation {unknown}
 z - 2 scrolls of blinking
 C - 2 scrolls of torment {unknown}
 F - 3 scrolls of magic mapping {unknown}
 J - 2 scrolls of teleportation {unknown}
 L - a scroll of identify
Potions
 g - 3 potions of resistance
 i - 2 potions of attraction
 m - 3 potions of curing
 p - a potion of might
 s - a potion of heal wounds
 u - 6 potions of flight
 v - a potion of cancellation
 E - a potion of invisibility
 H - a potion of degeneration {unknown}
Miscellaneous
 G - a tin of tremorstones (2/2)


   Skills:
 - Level 4.2 Fighting
 + Level 6.0 Short Blades
 - Level 2.6 Maces & Flails
 - Level 3.5 Throwing
 - Level 2.9 Dodging
 - Level 12.3 Stealth
 - Level 9.0 Invocations
 - Level 8.6 Evocations


You had 10 spell levels left.
You didn't know any spells.
Your spell library contained the following spells:

 Spells                   Type           Power      Damage    Failure   Level
 Pain                     Necr           0%         1d4       32%         1
 Corpse Rot               Necr/Air       N/A        N/A       45%         2
 Static Discharge         Conj/Air       0%         N/A       45%         2
 Tukima's Dance           Hex            0%         N/A       69%         3
 Passage of Golubria      Tloc           N/A        N/A       97%         4
 Lightning Bolt           Conj/Air       0%         1d11      100%        5
 Silence                  Hex/Air        0%         N/A       100%        5
 Summon Forest            Summ/Tloc      0%         N/A       100%        5
 Summon Mana Viper        Hex/Summ       0%         N/A       100%        5
 Yara's Violent Unravell  Hex/Tmut       0%         3d3       100%        5
 Dispersal                Tloc           0%         N/A       100%        6
 Shadow Creatures         Summ           N/A        N/A       100%        6
 Lehudib's Crystal Spear  Conj/Erth      0%         10d2      100%        8
 Maxwell's Capacitive Co  Air            0%         ∞         100%        8


Dungeon Overview and Level Annotations

Branches:
Dungeon (12/15)            Temple (1/1) D:6            Lair (1/6) D:10
    Orc (1/2) D:9           Sewer (visited)

Altars:
Ashenzari
Cheibriados
Dithmenos
Elyvilon
Fedhas
Gozag
Hepliaklqana
Kikubaaqudgha
Makhleb
Nemelex Xobeh
Okawaru
Qazlal
Ru
Sif Muna
Trog
Uskayaw
Vehumet
Wu Jian
Xom
Yredelemnul
Zin
The Shining One

Shops:
D:3 (   D:6 (

Annotations:
D:5 exclusion: downstairs
D:9 1 runed translucent door, exclusion: door, DemonSlayer's ghost, novice DsBe


Innate Abilities, Weirdness & Mutations

You thrive by killing the living.
You are immune to poison.
You have sharp fingernails.
Your flesh is cold resistant. (rC+)
You are immune to negative energy. (rN+++)
You do not regenerate when monsters are visible.
You are immune to unholy pain and torment.


Message History

The orc wizard is lightly wounded.
The orc wizard barely misses you.
You hit the orc wizard.
The orc wizard looks as sick as possible!
The orc wizard is moderately wounded.
An orc comes into view. It is wielding a +0 whip.
The orc wizard hits you with a +0 dagger.
You hit the orc wizard.
The orc wizard looks as sick as possible!
The orc wizard is heavily wounded.
The orc wizard mumbles some strange words.
The orc wizard flickers and vanishes!
Deactivating autopickup; reactivate with Ctrl-A.
Things that are here:
a +0 robe; a +0 dagger The gnoll throws a throwing net.
The throwing net hits you.
You become entangled in the net!
You see here a throwing net.
You struggle against the net.
Makhleb accepts your kill.
You feel better.
Reactivating autopickup.
You feel a bit more experienced.
You struggle against the net.
The troll bites you. The troll claws you! x2
You struggle against the net.
The troll bites you! The troll claws you. The troll claws you!
You struggle against the net.
The gnoll hits you but does no damage. The troll bites you!
The troll barely misses you. The troll claws you!
You struggle against the net.
The gnoll hits you from afar with a +0 spear.
The troll bites you.
* * * LOW HITPOINT WARNING * * *
The troll completely misses you. The troll claws you!
* * * LOW HITPOINT WARNING * * *
You rip the net and break free!
The gnoll misses you. The troll bites you!
* * * LOW HITPOINT WARNING * * *
The troll claws you!
* * * LOW HITPOINT WARNING * * *
The troll claws you!
You die...

###.####.##.........##.##
#.....#...#.............#
..........##.........#.#
#.....#...............#
##)#.................#
#.##...............##
.g.##.#......g......###.#
#... #.#.......[T...##....
.o...##.......)o@)<.......


.o.og #................... ....b.##.......>.......... ###................
##.##.............. ##.................. #...................
#.#............##.#. #.........#....# .. You could see a troll, a gnoll and an
orc.

Vanquished Creatures
  Harold (D:8)
  2 two-headed ogres
  An orc high priest (Orc:1)
  A deep elf pyromancer (D:9)
  A cyclops (D:11)
  An ugly thing (D:11)
  A manticore (D:11)
  A troll (Orc:1)
  A hornet (shapeshifter) (D:11)
  A wyvern (D:10)
  13 yaks
  2 wargs (D:9)
  6 orc warriors
  2 black bears
  2 ice beasts (D:7)
  6 ogres
  4 centaurs
  A phantom (D:5)
  3 kobold brigands
  A bullfrog (D:7)
  A gnoll sergeant (D:8)
  A wyvern zombie (D:8)
  A scorpion (D:5)
  8 wights
  9 killer bees
  2 howler monkeys
  A hound (D:6)
  6 centaur zombies
  2 centaur skeletons (D:7)
  5 orc priests
  3 jellies
  10 orc wizards
  A howler monkey zombie (D:8)
  6 gnolls
  6 adders
  3 river rats
  4 white imps
  An ufetubus (D:4)
  4 worms (D:2)
  2 dart slugs
  39 orcs
  3 bats
  6 endoplasms
  3 giant cockroaches
  8 goblins
  14 hobgoblins
  6 jackals
  24 kobolds
  5 quokkas
  10 ball pythons
  5 frilled lizards
  12 rats
262 creatures vanquished.

Vanquished Creatures (others)
  A plant (D:3)
  2 withered plants (D:9)
3 creatures vanquished.

Grand Total: 265 creatures vanquished

Notes
Turn   | Place    | Note
-------+----------+-------------------------------------------
     0 | D:1      | belegose the Ghoul Brigand began the quest for the Orb.
     0 | D:1      | Reached XP level 1. HP: 17/17 MP: 0/0
   129 | D:1      | Reached skill level 1 in Dodging
   203 | D:1      | Reached XP level 2. HP: 25/25 MP: 1/1
  1010 | D:1      | Reached XP level 3. HP: 28/30 MP: 2/2
  1886 | D:2      | Reached XP level 4. HP: 31/37 MP: 3/3
  2137 | D:2      | Reached skill level 1 in Maces & Flails
  2825 | D:3      | Found Taupp's Weapon Shoppe.
  3240 | D:4      | Reached skill level 5 in Stealth
  3320 | D:4      | Reached XP level 5. HP: 42/45 MP: 4/4
  3339 | D:4      | Identified the +4 robe of Kin Jym {Harm rPois}
  3346 | D:4      | Noticed a black bear
  3359 | D:4      | Killed a black bear
  3460 | D:4      | Reached XP level 6. HP: 39/51 MP: 5/5
  3506 | D:4      | Identified the +3 robe of Tentacled Fun {Int+6 Dex-3}
  3768 | D:4      | Found a glowing drain.
  3774 | Sewer    | Entered a sewer
  5037 | D:5      | Entered Level 5 of the Dungeon
  5127 | D:5      | Reached XP level 7. HP: 59/59 MP: 6/6
  5409 | D:5      | Reached skill level 6 in Stealth
  5409 | D:5      | Reached skill level 1 in Evocations
  5656 | D:5      | Reached skill level 7 in Stealth
  6020 | D:5      | Reached XP level 8. HP: 35/66 MP: 7/7
  6311 | D:5      | Found an iron altar of Okawaru.
  7088 | D:6      | Got the Incunabulum of Quantum Stolen Souls
  7127 | D:6      | Found a hazy altar of Hepliaklqana.
  7356 | D:6      | Found a staircase to the Ecumenical Temple.
  7369 | Temple   | Entered the Ecumenical Temple
  7526 | Temple   | Became a worshipper of Makhleb the Destroyer
  7668 | D:6      | Reached skill level 1 in Invocations
  7720 | D:6      | Found Ruoguq's Weapon Shoppe.
  7953 | D:5      | Reached skill level 8 in Stealth
  8317 | D:7      | Reached XP level 9. HP: 71/71 MP: 10/10
  8789 | D:7      | Reached skill level 9 in Stealth
  8819 | D:7      | Reached skill level 5 in Evocations
  8922 | D:7      | Reached * piety under Makhleb
  9701 | D:8      | Found an opulent altar of Gozag.
  9714 | D:8      | Noticed Harold
  9720 | D:8      | Killed Harold
  9721 | D:8      | Reached skill level 5 in Invocations
  9731 | D:8      | Reached skill level 10 in Stealth
 10042 | D:7      | Reached XP level 10. HP: 23/79 MP: 7/13
 11131 | D:9      | Found a staircase to the Orcish Mines.
 11175 | D:9      | Found a runed translucent door.
 11175 | D:9      | Noticed DemonSlayer's ghost (novice DsBe)
 12008 | D:9      | Reached skill level 11 in Stealth
 12176 | D:9      | Noticed a deep elf pyromancer
 12205 | D:9      | Killed a deep elf pyromancer
 13650 | D:9      | Noticed a two-headed ogre
 13686 | D:9      | Killed a two-headed ogre
 13687 | D:9      | Reached XP level 11. HP: 65/84 MP: 10/16
 13782 | D:9      | Reached ** piety under Makhleb
 14606 | D:10     | Entered Level 10 of the Dungeon
 14925 | D:10     | Reached skill level 12 in Stealth
 15018 | D:10     | Found a shadowy altar of Dithmenos.
 15020 | D:10     | Found a snail-covered altar of Cheibriados.
 15301 | D:10     | Found a staircase to the Lair.
 15488 | D:10     | Noticed a wolf spider
 15488 | D:10     | Noticed a skeletal warrior
 15492 | D:10     | Noticed a wolf spider
 15493 | D:10     | Noticed a manticore
 15494 | D:10     | Noticed a cyclops
 15653 | Lair:1   | Entered Level 1 of the Lair of Beasts
 15956 | Orc:1    | Entered Level 1 of the Orcish Mines
 16607 | D:9      | Found a staircase to the Orcish Mines.
 16839 | D:10     | Found a snail-covered altar of Cheibriados.
 16841 | D:10     | Found a shadowy altar of Dithmenos.
 17217 | D:10     | Found a staircase to the Lair.
 17404 | D:11     | Noticed a manticore
 17791 | D:11     | Killed a manticore
 18188 | D:11     | Noticed a white ugly thing
 18199 | D:11     | Killed a white ugly thing
 18295 | D:11     | Noticed a two-headed ogre
 18648 | D:11     | Noticed a cyclops
 18676 | D:11     | Killed a two-headed ogre
 18867 | D:11     | Killed a cyclops
 18989 | D:11     | Noticed a two-headed ogre
 19193 | D:9      | Found a runed translucent door.
 19636 | Orc:1    | Reached skill level 5 in Short Blades
 19753 | Orc:1    | Noticed an orc high priest
 19880 | Orc:1    | Killed an orc high priest
 19901 | Orc:1    | Slain by a troll

Illustrated notes

Levels and vault maps discovered:
D:1:      minmay_arrival_up_and_down, layout_basic, minmay_misc_feat_hallway
D:2:      layout_basic
D:3:      layout_basic, serial_shops, shop, guppyfry_early_lair_pool
D:4:      layout_loops_cross, portal_sewer_entry_e, minmay_ruptured
D:5:      layout_gridville, okawaru_altar_gauntlet_db,
          nicolae_tso_carved_into_rock
D:6:      layout_cave_pools, lemuel_doored_altar,
          minmay_temple_entry_antechambers, serial_shops,
          nicolae_shop_statue_plus
D:7:      layout_loops_ring, minmay_misc_feat_doors, nicolae_benzene_ring
D:8:      layout_basic, mainiacjoe_overflow_boulevard, minmay_quadrilaterals,
          uniq_harold
D:9:      layout_long_grid, orc_0_dummy, gammafunk_ghost_grave
D:10:     layout_basic, chequers_temple_overflow_statue_of_worship,
          lair_entry_dummy, onia_ninara_dug_in_and_dangerous
D:11:     layout_basic, serial_glass, glass_columns_c, glass_columns_c,
          fedhas_bush_and_centaur_altar
D:12:     layout_basic, uniq_jorgrun
Temple:   regret_index_temple_sphere_string
Lair:1:   layout_misc_corridors, grunt_megastairs_1, uniq_gastronok, uniq_urug,
          uniq_erica
Orc:1:    layout_caves, nicolae_volcano_entry_batcave, minmay_orc_temple_b

Skill      XL: |  1  2  3  4  5  6  7  8  9 10 11 |
---------------+----------------------------------+-----
Dodging        | 1 2 |  2.9
Throwing       | 2 3 |  3.5
Maces & Flails | 1 2 |  2.6
Fighting       | 3 4 |  4.2
Stealth        | 5 7 8 10 11 12 | 12.3
Evocations     | 2 4 6 8 |  8.6
Invocations    | 3 6 8 9 |  9.0
Short Blades   | 6 |  6.0

Action                   |  1- 3 |  4- 6 |  7- 9 | 10-12 || total
-------------------------+-------+-------+-------+-------++-------
Melee: Dagger            |    20 |       |     1 |       ||    21
       Whip              |    76 |   226 |    43 |       ||   345
       Short sword       |       |       |   288 |   419 ||   707
       Scimitar          |       |       |    35 |    86 ||   121
Throw: Dart              |     3 |       |    12 |     7 ||    22
       Stone             |       |       |     2 |       ||     2
Evoke: Wand              |       |       |     7 |    10 ||    17
  Use: Scroll            |       |       |     5 |     7 ||    12
       Potion            |       |       |     1 |     1 ||     2
 Stab: Sleeping          |    10 |     6 |    12 |     5 ||    33
       Distracted        |     1 |     1 |       |     1 ||     3
       Paralysed         |       |       |     3 |     1 ||     4
Armor: Robe              |    20 |    60 |   178 |   133 ||   391
Dodge: Dodged            |    42 |   141 |   300 |   302 ||   785
       Rpst.: Scimitar   |       |       |     9 |    14 ||    23
